 Dungeon Crawl Stone Soup version 0.29-a0-617-g7a6b98fccd (webtiles) character file.

Game seed: 5375316574373798091

86 dolemite99 the Grave Robber (level 4, -2/30 HPs)
             Began as a Demonspawn Necromancer on June 18, 2022.
             Slain by an orc
             ... wielding a +0 club
              (4 damage)
             ... on level 3 of the Dungeon.
             The game lasted 00:03:06 (3218 turns).

dolemite99 the Grave Robber (DsNe)                  Turns: 3218, Time: 00:03:07

Health: -2/30      AC:  4    Str:  9    XL:     4   Next: 26%
Magic:  2/7        EV: 12    Int: 18    God:
Gold:   46         SH:  0    Dex: 13    Spells: 6/7 levels left

rFire   . . .      SeeInvis .   l - +2 trident (venom)
rCold   . . .      Faith    .   (no shield)
rNeg    . . .      Spirit   .   a - +0 robe
rPois   .          Reflect  .   (no helmet)
rElec   .          Harm     .   (no cloak)
rCorr   .          Rampage  .   (no gloves)
Will    .....                   (no boots)
Stlth   ++........              (no amulet)
HPRegen 0.10/turn               (no ring)
MPRegen 0.10/turn               (no ring)

@: no status effects
A: molten scales 1, demonic guardian 1
a: no special abilities


You were on level 3 of the Dungeon.
You visited 1 branch of the dungeon, and saw 3 of its levels.

You collected 159 gold pieces.
You spent 113 gold pieces at shops.

Inventory:

Hand Weapons
 e - a +0 trident
 l - a +2 trident of venom (weapon)
Armour
 a - a +0 robe (worn)
 c - a +0 robe of willpower
 k - a +2 helmet
Scrolls
 d - a scroll of blinking
 f - 3 scrolls of enchant armour {unknown}
 r - 3 scrolls of teleportation
Potions
 b - a potion of magic
 g - 3 potions of curing
 h - a potion of might {unknown}
 m - 2 potions of heal wounds
 n - a potion of lignification {unknown}
 o - a potion of flight {unknown}
 p - 2 potions of mutation {unknown}


   Skills:
 - Level 1.7 Dodging
 - Level 1.7 Stealth
 - Level 2.0 Spellcasting
 + Level 6.4 Necromancy


You had 6 spell levels left.
You knew the following spells:

 Your Spells              Type           Power      Damage    Failure   Level
a - Necrotize             Necr           96%        1d8       1%          1

Your spell library contained the following spells:

 Spells                   Type           Power      Damage    Failure   Level
 Vampiric Draining        Necr           24%        2d7       4%          3
 Animate Dead             Necr           24%        N/A       13%         4
 Shock                    Conj/Air       4%         1d3       19%         1
 Agony                    Necr           24%        N/A       36%         5
 Swiftness                Air            1%         N/A       47%         3
 Airstrike                Air            0%         N/A       87%         4


Dungeon Overview and Level Annotations

Branches:
Dungeon (3/15)

Altars:
Elyvilon

Shops:
D:2 *


Innate Abilities, Weirdness & Mutations

You are partially covered in molten scales. (AC +2)
A weak demonic guardian rushes to your aid.


Message History

The orc writhes in agony.
The orc closely misses you. The orc barely misses you.
You closely miss the orc.
The orc is heavily wounded.
Your orc skeleton hits the orc.
The orc hits you with a +0 club. The orc closely misses you.
You hit the orc but do no damage.
The orc is heavily wounded.
The orc misses you.
The orc hits you from afar with a +0 trident!
A demonic guardian appears!
Your orc skeleton closely misses the orc.
You closely miss the orc.
The orc is heavily wounded.
The orc barely misses you. x2
Your orc skeleton barely misses the orc.
You hit the orc.
The orc is poisoned.
The orc is severely wounded.
The orc hits you with a +0 club. x2
The orc hits your iron imp with a +0 hand axe.
The orc hits you with a +0 hand axe.
The orc hits you from afar with a +0 trident.
Your orc skeleton hits the orc.
The orc barely misses you. The orc hits you with a +0 club.
* * * LOW HITPOINT WARNING * * *
The orc hits your iron imp but does no damage.
The orc hits you with a +0 hand axe.
* * * LOW HITPOINT WARNING * * *
Your iron imp barely misses the orc.
The orc hits you with a +0 club.
* * * LOW HITPOINT WARNING * * *
Casting: Necrotize (safe; 1% risk of failure)
Confirm with . or Enter, or press ? or * to list all spells.
Aiming: Necrotize (safe; 1% risk of failure)
Press: ? - help, Shift-Dir - straight line, f/p - orc
Aim: an orc, wielding a +0 club and wearing a +0 chain mail (almost dead, very poisoned, chance to affect: 92%)
The orc writhes in agony.
You kill the orc!
The dead are walking!
Your orc skeleton hits the orc.
The orc hits you with a +0 club.
You die...

#.........##.####
#.#.......##....#
#.#...#...#####..
######.....#..>......#
####.......#.##..######.#
#................# #...#
#....!.....#.###.# #.#.<
#.......5..#.# #.# #.###
#....Zoo@..#.###.# #
#....).o).Z#.....#
#..........#######
#.....###.... #.....
###### #..... #..... ...


You could see 3 orcs, a friendly iron imp (summoned) and 2 friendly orc
skeletons.

Vanquished Creatures
  3 adders
  2 worms (D:2)
  A dart slug (D:1)
  2 orcs (D:3)
  5 endoplasms
  A giant cockroach (D:3)
  3 goblins
  5 hobgoblins
  4 quokkas
  4 ball pythons (D:2)
  6 bats
  4 frilled lizards
  7 kobolds
  A rat (D:2)
48 creatures vanquished.

Vanquished Creatures (collateral kills)
  A ball python (D:1)
1 creature vanquished.

Grand Total: 49 creatures vanquished

Notes
Turn   | Place    | Note
-------+----------+-------------------------------------------
     0 | D:1      | dolemite99 the Demonspawn Necromancer began the quest for
                  | the Orb.
     0 | D:1      | Reached XP level 1. HP: 13/13 MP: 3/3
   637 | D:1      | Gained mutation: You are partially covered in molten
                  | scales. (AC +2) [demonic ancestry]
   637 | D:1      | Reached XP level 2. HP: 5/19 MP: 0/5
  1113 | D:1      | Reached skill level 5 in Necromancy
  1915 | D:2      | Reached XP level 3. HP: 24/24 MP: 1/6
  2460 | D:2      | Reached skill level 6 in Necromancy
  2568 | D:2      | Found Puifekku's Assorted Antiques.
  2575 | D:2      | Bought a scroll labelled UMOUZYDADGHE for 29 gold pieces
  2575 | D:2      | Bought 2 scrolls labelled CYISOIXOL for 58 gold pieces
  2575 | D:2      | Bought a viscous puce potion for 26 gold pieces
  2883 | D:2      | Gained mutation: A weak demonic guardian rushes to your
                  | aid. [demonic ancestry]
  2883 | D:2      | Reached XP level 4. HP: 30/30 MP: 4/7
  3218 | D:3      | Slain by an orc

Illustrated notes

Levels and vault maps discovered:
D:1:      onia_arrival_pentagram, layout_loops_cross, minmay_box_of_dots
D:2:      layout_loops_ring, basic_altar, serial_shops, shop,
          hangedman_decor_riveting
D:3:      layout_basic, gup_sewer_entry_bubbles, uniq_terence, uniq_ijyb

Skill      XL: |  1  2  3 |
---------------+----------+-----
Necromancy     | 5 6 |  6.4
Dodging        | |  1.7
Stealth        | |  1.7
Spellcasting   | |  2.0

Action                   |  1- 3 |  4- 6 || total
-------------------------+-------+-------++-------
Melee: Trident           |    33 |     8 ||    41
 Cast: Necrotize         |    72 |    12 ||    84
  Use: Scroll            |     9 |       ||     9
Armor: Robe              |    20 |       ||    20
Dodge: Dodged            |    50 |    15 ||    65

Table legend: (Time is in decaauts)
 A = Elapsed time spent in this place.
 B = Non-inter-level travel time spent in this place.
 C = Inter-level travel time spent in this place.
 D = Time resting spent in this place.
 E = Time spent auto-exploring this place.
 F = Levels seen in this place.
 G = Mean time per level.
                   A        B        C        D        E       F      G
               +--------+--------+--------+--------+--------+-----+--------+
         Total |   3229 |   3203 |     26 |   1264 |   1463 |   3 | 1076.3 |
       Dungeon |   3229 |   3203 |     26 |   1264 |   1463 |   3 | 1076.3 |
               +--------+--------+--------+--------+--------+-----+--------+

Top non-repeatable levels by time:
     D:1: 1824 daAuts
     D:2: 1236 daAuts
     D:3: 168 daAuts
